 Dungeon Crawl Stone Soup version 0.21.1-1-g345015fe64 (webtiles) character file.

105 Knicklaso the Ruffian (level 4, -5/40 HPs)
             Began as a Minotaur Transmuter on Apr 15, 2018.
             Killed from afar by Ijyb (16 damage)
             ... with a wand of acid (7)
             ... on level 3 of the Dungeon.
             The game lasted 00:10:02 (2260 turns).

Knicklaso the Ruffian (Minotaur Transmuter)         Turns: 2260, Time: 00:10:02

Health: -5/40      AC:  5    Str: 14    XL:     4   Next: 54%
Magic:  5/5        EV: 11    Int: 11    God:
Gold:   73         SH:  0    Dex: 11    Spells: 4/5 levels left

rFire    . . .     SeeInvis .     - Unarmed
rCold    . . .     Gourm    .   (no shield)
rNeg     . . .     Faith    .   o - +0 ring mail
rPois    .         Spirit   .   (helmet restricted)
rElec    .         Reflect  .   (no cloak)
rCorr    .         Harm     .   (no gloves)
MR       .....                  (no boots)
Stlth    +.........             (no amulet)
HPRegen  0.13/turn              (no ring)
MPRegen  0.09/turn              (no ring)

@: no status effects
A: retaliatory headbutt, horns 2
a: no special abilities


You were on level 3 of the Dungeon.
You were hungry.

You visited 1 branch of the dungeon, and saw 3 of its levels.

You collected 73 gold pieces.

Inventory:

Missiles
 a - 37 arrows
 e - 52 stones (quivered)
Armour
 b - a +0 robe
 o - a +0 ring mail (worn)
Jewellery
 i - an uncursed ring of poison resistance {unknown}
 l - an uncursed ring of ice {unknown}
 m - a cursed -4 ring of evasion {unknown}
 t - an uncursed amulet of harm {unknown}
Scrolls
 f - 2 scrolls of blinking {unknown}
 h - 2 scrolls of amnesia {unknown}
 j - 4 scrolls of remove curse {unknown}
 k - 4 scrolls of identify {unknown}
 s - a scroll of immolation {unknown}
Potions
 g - a potion of mutation {unknown}
 n - 2 potions of curing {unknown}
 p - a potion of flight {unknown}
 q - a potion of invisibility {unknown}
 r - a potion of degeneration {unknown}
 v - a potion of agility {unknown}
Books
 c - a book of Changes

   Spells                             Type                      Level
   a - Beastly Appendage              Transmutation                1
   b - Sticks to Snakes               Transmutation                2
   c - Spider Form                    Transmutation/Poison         3
   d - Ice Form                       Ice/Transmutation            4
   e - Blade Hands                    Transmutation                5
Comestibles
 d - 5 rations
 u - 12 chunks of flesh


   Skills:
 + Level 3.8 Fighting
 - Level 2.1 Dodging
 + Level 4.8 Unarmed Combat
 - Level 1.3 Spellcasting
 - Level 1.5 Transmutations


You had 4 spell levels left.
You knew the following spells:

 Your Spells              Type           Power        Failure   Level  Hunger
a - Beastly Appendage     Tmut           #.....       32%         1    ##.....


Dungeon Overview and Level Annotations

Branches:
Dungeon (3/15)

Altars:
Makhleb

Annotations:
D:3 Ijyb


Innate Abilities, Weirdness & Mutations

You reflexively headbutt those who attack you in melee.
You have a pair of horns on your head.


Message History

Found 7 gold pieces.
d - 5 rations (gained 1)
v - a purple potion An adder skeleton comes into view.
Found a whip.
You hit the adder skeleton. You headbutt the adder skeleton!
The adder skeleton is almost destroyed.
The adder skeleton closely misses you. You furiously retaliate!
You headbutt the adder skeleton!
You destroy the adder skeleton!
Ijyb the Twisted Goblin comes into view.
You are feeling hungry.
Ijyb shouts!
Ijyb zaps a wand.
The bolt of acid hits you!
You are splashed with acid!
The acid burns!
* * * LOW HITPOINT WARNING * * *
It is a wand of acid (7).
Ijyb screams, "I dance on your bones!"
Ijyb zaps a wand.
The bolt of acid hits you!
You die...

#..........# #
####......>...# ##
#.............####)
#.............##...
###...........†<#..## ##
...............†..## ###.
###...####.#...####
#...#####.# #.##..##
##........@## #.##...#
............####.#..#.###
##.......................
......$......##..#.......
................##.......
....).g....####.##........
...........# ...........
.........................
.........................


You could see Ijyb.

Vanquished Creatures
  Robin (D:3)
  2 adders (D:2)
  2 adder skeletons
  3 dart slugs (D:1)
  A worm (D:2)
  A leopard gecko (D:1)
  2 giant cockroaches
  7 goblins
  12 hobgoblins
  7 jackals
  5 kobolds
  6 bats
  6 frilled lizards
  4 rats
59 creatures vanquished.

Notes
Turn   | Place    | Note
-------+----------+-------------------------------------------
     0 | D:1      | Knicklaso the Minotaur Transmuter began the quest for the Orb.
     0 | D:1      | Reached XP level 1. HP: 16/16 MP: 1/1
   446 | D:1      | Reached XP level 2. HP: 24/24 MP: 3/3
   933 | D:1      | Reached skill level 4 in Unarmed Combat
   959 | D:1      | Reached XP level 3. HP: 28/30 MP: 4/4
  1398 | D:2      | Found a burning altar of Makhleb.
  1879 | D:2      | Reached XP level 4. HP: 29/38 MP: 5/5
  2164 | D:3      | Noticed Robin
  2204 | D:3      | Killed Robin
  2254 | D:3      | Noticed Ijyb
  2260 | D:3      | Killed from afar by Ijyb

Skill      XL: |  1  2  3 |
---------------+----------+-----
Fighting       | 2 3 |  3.8
Unarmed Combat | 4 |  4.8
Dodging        | |  2.1
Spellcasting   | |  1.3
Transmutations | |  1.5

Action                   |  1- 3 |  4- 6 || total
-------------------------+-------+-------++-------
Melee: Unarmed           |   104 |    43 ||   147
       Headbutt          |    11 |     3 ||    14
       Kick              |     3 |     5 ||     8
       Punch             |       |     2 ||     2
Throw: Stone             |    29 |       ||    29
 Cast: Beastly Appendage |     3 |     3 ||     6
  Eat: Chunk             |     3 |     1 ||     4
Armor: Robe              |     5 |     9 ||    14
       Ring mail         |       |     9 ||     9
Dodge: Dodged            |    60 |    29 ||    89
